[Event "Marshall CC Premier 01-2025"]
[Site "New York"]
[Date "2025.01.05"]
[Round "3.4"]
[White "Hyatt, Jessica"]
[Black "Schaefer, Sasha Milo"]
[Result "0-1"]
[ECO "D36"]
[WhiteElo "1979"]
[BlackElo "1976"]
[Annotator "RC"]
[PlyCount "78"]
[EventDate "2025.01.03"]
[EventType "swiss"]
[EventCountry "USA"]
[SourceTitle "playchess.com"]
[Source "ChessBase"]
[SourceQuality "1"]
[TimeControl "5400+30"]

1. d4 d5 2. c4 e6 3. Nf3 Nf6 4. cxd5 exd5 5. Nc3 c6 6. Bg5 h6 7. Bh4 Be7 8. Qc2 O-O 9. e3 Re8 10. Bd3 Ne4 11. Bg3 f5 12. Ne5 Bf6 13. f4 Bxe5 14. fxe5 a5 15. O-O Na6 16. a3 Nc7 17. Nxe4 dxe4 18. Bc4+ Nd5 19. Qb3 Be6 20. Qxb7 Nxe3 21. Bxe6+ Rxe6 22. Qb3 Nd5 23. Rxf5 Rb8 24. Qc4 Rxb2 25. Re1 e3 26. Rf3 Qd7 27. Qd3 Re8 28. Qg6 Rd2 29. Qe4 a4 30. Ref1 Qe6 31. Bf4 Ra2 32. Bxe3 Rxa3 33. Bc1 Rxf3 34. Qxf3 Rb8 35. Ba3 Rb3 36. Qf8+ Kh7 37. h3 Rg3 38. Rf3 Qxh3 39. Qc5 Qxg2# 0-1

[Event "Marshall CC Premier 01-2025"]
[Site "New York"]
[Date "2025.01.05"]
[Round "3.5"]
[White "Belenky, Nicholas"]
[Black "Rohde, Michael"]
[Result "0-1"]
[ECO "B90"]
[WhiteElo "1977"]
[BlackElo "2269"]
[Annotator "TA"]
[PlyCount "66"]
[EventDate "2025.01.03"]
[EventType "swiss"]
[EventCountry "USA"]
[SourceTitle "playchess.com"]
[Source "ChessBase"]
[SourceQuality "1"]
[TimeControl "5400+30"]

1. e4 c5 2. Nf3 d6 3. d4 cxd4 4. Nxd4 Nf6 5. Nc3 a6 6. Be3 Ng4 7. Bg5 h6 8. Bh4 g5 9. Bg3 Bg7 10. h3 Ne5 11. Be2 Nbc6 12. Nxc6 bxc6 13. O-O O-O 14. Kh2 (14. Qd2 $11 {is superior.}) 14... Rb8 15. Rb1 Qa5 16. Qd2 (16. f4 $11 gxf4 17. Bxf4) 16... Be6 {[%emt 0:04:42] Black is more active.} 17. f4 $1 Nc4 18. Bxc4 Bxc4 19. Rf3 $1 f6 (19... Bxa2 20. b4 Bxc3 (20... Qa3 21. Nd5 $16) 21. Qxc3 $16) 20. b3 Bf7 21. f5 Rbd8 22. Rd3 {[%emt 0:02:08][%cal Oc3d5] Strongly threatening Nd5!.} Kh7 23. a4 Qb4 24. Rd4 Qb7 25. b4 h5 26. h4 ({White should play} 26. a5 $11) 26... Bh6 27. hxg5 Bxg5 28. Bf4 $2 {[%emt 0:00:08] [#]} (28. Qe2 $11) 28... Bxf4+ $1 $17 (28... Rg8 29. Rf1 $17) 29. Qxf4 Rg8 30. Rbd1 Rg4 31. Qf3 (31. Qf2 {was necessary.}) 31... Rdg8 $19 32. R1d2 (32. Qf2 $142) 32... Qb8 {[%emt 0:01:39] Threatens to win with ...d5+.} ({Not} 32... Rg3 33. Qxg3 Rxg3 34. Kxg3 $19) 33. Ne2 $2 (33. Qf2) 33... c5 0-1

[Event "Marshall CC Premier 01-2025"]
[Site "New York"]
[Date "2025.01.05"]
[Round "3.6"]
[White "Hebbar, Eshaan"]
[Black "Cheung, Kyle"]
[Result "1/2-1/2"]
[ECO "D31"]
[WhiteElo "2144"]
[BlackElo "1860"]
[Annotator "TA"]
[PlyCount "48"]
[EventDate "2025.01.03"]
[EventType "swiss"]
[EventCountry "USA"]
[SourceTitle "playchess.com"]
[Source "ChessBase"]
[SourceQuality "1"]
[TimeControl "5400+30"]

1. d4 d5 2. c4 e6 3. Nc3 Be7 4. cxd5 exd5 5. Bf4 c6 6. e3 Bf5 7. g4 Be6 8. h4 Bxh4 9. Qb3 g5 10. Be5 f6 11. Bxb8 (11. Qxb7 fxe5 12. Qxa8 Qb6 $14) (11. Bh2 $1 $11 Qb6 12. Qc2) 11... Qxb8 $15 12. Nf3 Bxg4 13. Nxh4 gxh4 14. e4 Ne7 15. Rxh4 h5 16. Be2 Bxe2 17. Nxe2 Qc7 18. exd5 Nxd5 {[%emt 1:09:11] Strongly threatening ...Qa5+.} 19. Re4+ (19. Qh3 $15) 19... Ne7 $2 (19... Kf7 $17 {stays on course.} 20. Rc1 Qb6) 20. Qe6 $16 {[%emt 0:00:00][%cal Oe2g3] White has more active pieces. The black rooks are passive.} Rf8 21. Ng3 ({Better is} 21. O-O-O $16 {and Re1 would now be decisive} Qd7 22. Nf4) 21... Qd7 $11 22. Nxh5 Qxe6 23. Rxe6 Rh8 24. Ng3 (24. Nxf6+ $2 {perishes.} Kf7 25. Rd6 Rh1+ 26. Kd2 Rxa1 $19) 24... Kf7 1/2-1/2

[Event "Marshall CC Premier 01-2025"]
[Site "New York"]
[Date "2025.01.05"]
[Round "3.7"]
[White "Mottola, Max"]
[Black "Berg, George"]
[Result "1-0"]
[ECO "B50"]
[WhiteElo "2132"]
[BlackElo "1893"]
[Annotator "TA"]
[PlyCount "25"]
[EventDate "2025.01.03"]
[EventType "swiss"]
[EventCountry "USA"]
[SourceTitle "playchess.com"]
[Source "ChessBase"]
[SourceQuality "1"]
[TimeControl "5400+30"]

1. e4 c5 2. Nf3 d6 3. Nc3 Nf6 4. e5 dxe5 5. Nxe5 Nbd7 6. d4 cxd4 7. Qxd4 {[%emt 0:00:08] and Qa4 would now be decisive} Nxe5 8. Qxe5 a6 {[%emt 0:00:03] Dodges Nb5} 9. Bg5 {[%emt 0:09:10][%cal Of1b5] White is more active.} Be6 10. g3 Qb6 {[%emt 0:02:14] [#]} (10... Nd7 $14 11. Qd4 Qb6) 11. O-O-O $1 $16 Qxf2 $2 (11... Ng4 $16 12. Nd5 Nxe5 13. Nxb6 Rd8) 12. Bxf6 {[%emt 0:06:03][%cal Of1b5] White wants to mate with Bb5+!.} exf6 {[%emt 0:02:30] [#]} 13. Bb5+ $1 1-0

[Event "Marshall CC Premier 01-2025"]
[Site "New York"]
[Date "2025.01.05"]
[Round "3.8"]
[White "Ling, Chenxuan"]
[Black "Muthukumaran, Gurru"]
[Result "1-0"]
[ECO "A59"]
[WhiteElo "2081"]
[BlackElo "1878"]
[Annotator "TA"]
[PlyCount "95"]
[EventDate "2025.01.03"]
[EventType "swiss"]
[EventCountry "USA"]
[SourceTitle "playchess.com"]
[Source "ChessBase"]
[SourceQuality "1"]
[TimeControl "5400+30"]

1. d4 Nf6 2. c4 c5 3. d5 b5 4. cxb5 a6 5. bxa6 Bxa6 6. Nc3 d6 7. e4 Bxf1 8. Kxf1 g6 9. g3 Bg7 10. Kg2 O-O 11. Nf3 Nbd7 12. a4 Qa5 13. Ra3 Rfb8 14. Nd2 (14. Qc2 $16) 14... Ne8 (14... Nb6 $1 $14) 15. Nb5 $16 Qb4 {[%emt 0:06:03][%cal Oc5c4] [#]} 16. Qc2 $1 Qa5 17. Nc4 Qd8 18. b3 {[%emt 0:03:47] White is more active.} Nc7 19. Nxc7 Qxc7 20. Bd2 Ne5 21. Rb1 Nd7 22. a5 Rb5 23. Ra4 Rab8 $2 (23... Qc8 24. h4 Bd4) 24. Na3 $18 R5b7 25. b4 cxb4 26. Qxc7 (26. Raxb4 Qxc2 27. Nxc2 Rxb4 28. Rxb4 (28. Nxb4 Nc5 $16) 28... Ra8 $18) 26... Rxc7 27. Raxb4 Rxb4 (27... Ra8 {keeps fighting.} 28. Rc4 Rca7) 28. Rxb4 Ra7 29. Rc4 Nc5 30. Rb4 $2 (30. Bb4 $18) 30... h5 $2 (30... Nd7 $1 $11) 31. Rb8+ Kh7 32. f3 Bf6 33. Nc4 Rc7 {[%emt 0:02:56] ...Na6 would now be deadly.} 34. Na3 Ra7 $1 35. Rb5 Rc7 36. Be3 {[%emt 0:00:54] and Bxc5 should not be overlooked} Bc3 $2 (36... Na6) 37. Bxc5 dxc5 {[%emt 0:00:22][%mdl 4096] Endgame KRB-KRN. White is a pawn up.} 38. a6 Ra7 39. Rb6 (39. Rxc5 Bb4 40. Rc6 Bxa3 $15) 39... Ba5 40. Rc6 Kg7 41. Nb5 ({Stronger than} 41. Rxc5 Bb4 (41... Rxa6 42. Rc2 $16) 42. Rc6 Bxa3 $15) 41... Ra8 42. a7 ({Weaker is} 42. Rxc5 Rxa6 43. Rc6 Ra8 $16) 42... Kf8 43. Rxc5 Bb6 44. Rc6 Ba5 45. Ra6 Bd8 46. e5 Ke8 47. e6 f6 48. Kf2 1-0

[Event "Marshall CC Premier 01-2025"]
[Site "New York"]
[Date "2025.01.05"]
[Round "3.9"]
[White "Raparthi, Ankit"]
[Black "Dong, Kyle Qiyu"]
[Result "1/2-1/2"]
[ECO "B20"]
[WhiteElo "1941"]
[BlackElo "1998"]
[Annotator "RC"]
[PlyCount "54"]
[EventDate "2025.01.03"]
[EventType "swiss"]
[EventCountry "USA"]
[SourceTitle "playchess.com"]
[Source "ChessBase"]
[SourceQuality "1"]
[TimeControl "5400+30"]

1. e4 c5 2. b3 g6 3. Bb2 Nf6 4. Nc3 Nc6 5. Nd5 Bg7 6. Nxf6+ Bxf6 7. Bxf6 exf6 8. Bc4 Qe7 9. d3 f5 10. f3 Qh4+ 11. g3 Qf6 12. Ne2 Nd4 13. O-O O-O 14. Nf4 b5 15. Bd5 Rb8 16. c3 Nc6 17. Bxc6 dxc6 18. d4 Rd8 19. e5 Qe7 20. Rc1 b4 21. cxb4 cxd4 22. Nd3 Ba6 23. f4 Bxd3 24. Qxd3 Qxb4 25. Rxc6 Rbc8 26. Qc4 Qb7 27. Rxc8 Rxc8 1/2-1/2

[Event "Marshall CC Premier 01-2025"]
[Site "New York"]
[Date "2025.01.05"]
[Round "3.10"]
[White "Gartenlaub, Corin"]
[Black "Debmisra, Ariv"]
[Result "1/2-1/2"]
[ECO "B39"]
[WhiteElo "2027"]
[BlackElo "1803"]
[Annotator "RC"]
[PlyCount "79"]
[EventDate "2025.01.03"]
[EventType "swiss"]
[EventCountry "USA"]
[SourceTitle "playchess.com"]
[Source "ChessBase"]
[SourceQuality "1"]
[TimeControl "5400+30"]

1. e4 c5 2. Nf3 g6 3. d4 cxd4 4. Nxd4 Nc6 5. c4 Bg7 6. Be3 Nf6 7. Nc3 Ng4 8. Qxg4 Nxd4 9. Qd1 e5 10. Bd3 O-O 11. O-O d6 12. f3 Be6 13. Ne2 Rc8 14. b3 a6 15. Nxd4 exd4 16. Bf2 Qa5 17. Qe1 Qc5 18. Qd2 f5 19. exf5 Bxf5 20. Bxf5 Rxf5 21. Rfd1 d5 22. Rac1 Rd8 23. Bxd4 Bxd4+ 24. Qxd4 dxc4 25. Qxc5 Rxd1+ 26. Rxd1 Rxc5 27. Rc1 c3 28. Rc2 a5 29. a4 Kf7 30. Kf2 h5 31. Ke3 b6 32. Kd4 Ke6 33. Rxc3 Rd5+ 34. Ke3 Re5+ 35. Kd2 Kd7 36. Kd3 g5 37. Kd4 Re2 38. f4 gxf4 39. Rh3 Rxg2 40. Rxh5 1/2-1/2